TOP OF THE 1ST |
Sylvania Maple Leaves batting - Pitching for Rappahannock Partisans : RHP Seth Rice
|
Pitching: RHP Seth Rice
|
|
Batting: RHB Kenny Norton
|
0-0: Ball 1-0: Ball 2-0: Swinging Strike 2-1: Foul Ball, location: 2F 2-2: Ground out 4-3 (Groundball, 4)
|
Batting: RHB José Valdéz
|
0-0: Called Strike 0-1: Ball 1-1: Ground out 4-3 (Groundball, 4M)
|
Batting: RHB Harris Harden
|
0-0: Called Strike 0-1: Ball 1-1: Ball 2-1: Called Strike 2-2: Ball 3-2: Foul Ball, location: 2F 3-2: Base on Balls
|
Batting: RHB Bartolo García
|
0-0: Foul Ball, location: 2F 0-1: Called Strike 0-2: Strikes out swinging
|
Top of the 1st over - 0 run(s), 0 hit(s), 0 error(s), 1 left on base; Sylvania 0 - Rappahannock 0 |
BOTTOM OF THE 1ST |
Rappahannock Partisans batting - Pitching for Sylvania Maple Leaves : RHP Harold Taylor
|
Pitching: RHP Harold Taylor
|
|
Batting: RHB Bill Taylor
|
0-0: Fly out, F3 (Popup, 3F)
|
Batting: LHB Alfonso López
|
0-0: Ground out 1-3 (Groundball, 13)
|
Batting: RHB Tom Baker
|
0-0: Ball 1-0: Called Strike 1-1: Ball 2-1: Swinging Strike 2-2: Foul Ball, location: 2F 2-2: Fly out, F9 (Flyball, 89M)
|
Bottom of the 1st over - 0 run(s), 0 hit(s), 0 error(s), 0 left on base; Sylvania 0 - Rappahannock 0 |
TOP OF THE 2ND |
Sylvania Maple Leaves batting - Pitching for Rappahannock Partisans : RHP Seth Rice
|
Batting: RHB Bernardo Márquez
|
0-0: Fly out, F8 (Flyball, 8RS)
|
Batting: RHB Yao-qing Ya
|
0-0: Called Strike 0-1: Swinging Strike 0-2: Strikes out swinging
|
Batting: LHB Chris Randolph
|
0-0: Called Strike 0-1: Swinging Strike 0-2: Strikes out swinging
|
Top of the 2nd over - 0 run(s), 0 hit(s), 0 error(s), 0 left on base; Sylvania 0 - Rappahannock 0 |
BOTTOM OF THE 2ND |
Rappahannock Partisans batting - Pitching for Sylvania Maple Leaves : RHP Harold Taylor
|
Batting: RHB Colby Turner
|
0-0: Called Strike 0-1: Swinging Strike 0-2: Strikes out swinging
|
Batting: RHB Matt Sheppard
|
0-0: Foul Ball, location: 2F 0-1: SINGLE (Line Drive, 7S)
|
Batting: RHB Mark Dayment
|
0-0: Called Strike 0-1: Ball 1-1: Called Strike 1-2: Ball 2-2: Foul Ball, location: 2F 2-2: Strikes out swinging
|
Batting: LHB Marvin von Seydlitz
|
0-0: Ball 1-0: Foul Ball, location: 2F 1-1: Called Strike 1-2: Strikes out swinging
|
Bottom of the 2nd over - 0 run(s), 1 hit(s), 0 error(s), 1 left on base; Sylvania 0 - Rappahannock 0 |
TOP OF THE 3RD |
Sylvania Maple Leaves batting - Pitching for Rappahannock Partisans : RHP Seth Rice
|
Batting: LHB Clyde Palmer
|
0-0: Called Strike 0-1: Called Strike 0-2: Ball 1-2: Foul Ball, location: 2F 1-2: Ball 2-2: Foul Ball, location: 2F 2-2: Ball 3-2: Base on Balls
|
Batting: LHB Jim Unknown
|
0-0: Ball 1-0: Ball 2-0: Ball 3-0: Called Strike 3-1: Foul Ball, location: 2F 3-2: Base on Balls Clyde Palmer to second
|
Batting: RHB Kenny Norton
|
0-0: Called Strike 0-1: Ball 1-1: Called Strike 1-2: Ball Passed Ball! Clyde Palmer to third Jim Unknown to second 2-2: Strikes out swinging
|
Batting: RHB José Valdéz
|
0-0: Ball 1-0: SINGLE (Flyball, 6D) Clyde Palmer scores Jim Unknown to third Runner from 3rd tries for Home, SAFE, no throw or cutoff
|
Batting: RHB Harris Harden
|
0-0: Ball 1-0: Foul Ball, location: 2F 1-1: SINGLE (Line Drive, 4D) José Valdéz to second Runner from 2nd tries for 3rd, SAFE, throw made to third
|
Batting: RHB Bartolo García
|
0-0: Called Strike 0-1: Ball 1-1: Ball 2-1: DOUBLE (Popup, 9LS) José Valdéz scores Harris Harden to third
|
Batting: RHB Bernardo Márquez
|
0-0: Foul Ball, location: 2F 0-1: Ball 1-1: Foul Ball, location: 2F 1-2: Fly out, F9 (Popup, 4D)
|
Batting: RHB Yao-qing Ya
|
0-0: Ball 1-0: Called Strike 1-1: SINGLE (Flyball, 4MD) Harris Harden scores Bartolo García to third Runner from 3rd tries for Home, SAFE, no throw or cutoff
|
Pitching: RHP Gilberto Ibarra
|
|
Batting: LHB Chris Randolph
|
0-0: Swinging Strike 0-1: Ball 1-1: Ball 2-1: SINGLE (Popup, 9S) Yao-qing Ya to second
|
Batting: LHB Clyde Palmer
|
0-0: Ball 1-0: Ball 2-0: Foul Ball, location: 2F 2-1: Ground out U3 (Groundball, 3L)
|
Top of the 3rd over - 5 run(s), 5 hit(s), 0 error(s), 2 left on base; Sylvania 5 - Rappahannock 0 |
BOTTOM OF THE 3RD |
Rappahannock Partisans batting - Pitching for Sylvania Maple Leaves : RHP Harold Taylor
|
Batting: LHB Miguel Mendoza
|
0-0: Ball 1-0: Called Strike 1-1: Ball 2-1: Called Strike 2-2: Foul Ball, location: 2F 2-2: Foul Ball, location: 2F 2-2: Foul Ball, location: 2F 2-2: Fly out, F8 (Flyball, 8RM)
|
Batting: RHB Ángel Ruezga
|
0-0: Fly out, F7 (Flyball, 7M)
|
Batting: RHB Bill Taylor
|
0-0: Fly out, F9 (Flyball, 9S)
|
Bottom of the 3rd over - 0 run(s), 0 hit(s), 0 error(s), 0 left on base; Sylvania 5 - Rappahannock 0 |
TOP OF THE 4TH |
Sylvania Maple Leaves batting - Pitching for Rappahannock Partisans : RHP Gilberto Ibarra
|
Batting: LHB Jim Unknown
|
0-0: Fly out, F8 (Flyball, 8RM)
|
Batting: RHB Kenny Norton
|
0-0: Foul Ball, location: 2F 0-1: Ball 1-1: Ball 2-1: Swinging Strike 2-2: Ball 3-2: Foul Ball, location: 2F 3-2: Strikes out swinging
|
Batting: RHB José Valdéz
|
0-0: Foul Ball, location: 2F 0-1: Swinging Strike 0-2: Ball 1-2: Strikes out swinging
|
Top of the 4th over - 0 run(s), 0 hit(s), 0 error(s), 0 left on base; Sylvania 5 - Rappahannock 0 |
BOTTOM OF THE 4TH |
Rappahannock Partisans batting - Pitching for Sylvania Maple Leaves : RHP Harold Taylor
|
Batting: LHB Alfonso López
|
0-0: Called Strike 0-1: Foul Ball, location: 2F 0-2: Fly out, F7 (Popup, 7S)
|
Batting: RHB Tom Baker
|
0-0: Ball 1-0: Ball 2-0: Foul Ball, location: 2F 2-1: Swinging Strike 2-2: Fly out, F6 (Popup, 6)
|
Batting: RHB Colby Turner
|
0-0: Called Strike 0-1: Fly out, F8 (Flyball, 8LD)
|
Bottom of the 4th over - 0 run(s), 0 hit(s), 0 error(s), 0 left on base; Sylvania 5 - Rappahannock 0 |
TOP OF THE 5TH |
Sylvania Maple Leaves batting - Pitching for Rappahannock Partisans : RHP Gilberto Ibarra
|
Batting: RHB Harris Harden
|
0-0: Ball 1-0: Ball 2-0: Called Strike 2-1: SINGLE (Groundball, 56D)
|
Batting: RHB Bartolo García
|
0-0: Foul Ball, location: 2F 0-1: Foul Ball, location: 2F 0-2: Foul Ball, location: 2F 0-2: Ball 1-2: SINGLE (Line Drive, 9LS) Harris Harden to second
|
Batting: RHB Bernardo Márquez
|
0-0: Called Strike 0-1: Ball 1-1: Ball 2-1: Swinging Strike 2-2: Ball 3-2: Base on Balls Harris Harden to third Bartolo García to second
|
Batting: RHB Yao-qing Ya
|
0-0: Ball 1-0: Ball 2-0: SINGLE (Groundball, 6MD) Harris Harden scores Bartolo García to third Bernardo Márquez to second
|
Batting: LHB Chris Randolph
|
0-0: Called Strike 0-1: Ball 1-1: Swinging Strike 1-2: Ball 2-2: Strikes out swinging
|
Batting: LHB Clyde Palmer
|
0-0: Ball 1-0: Ball 2-0: Ball 3-0: Base on Balls Bartolo García scores Bernardo Márquez to third Yao-qing Ya to second
|
Batting: LHB Jim Unknown
|
0-0: Called Strike 0-1: Ball 1-1: Foul Ball, location: 2F 1-2: Foul Ball, location: 2F 1-2: Foul Ball, location: 2F 1-2: Strikes out swinging
|
Batting: RHB Kenny Norton
|
0-0: Swinging Strike 0-1: Called Strike 0-2: Ball 1-2: Strikes out swinging
|
Top of the 5th over - 2 run(s), 3 hit(s), 0 error(s), 3 left on base; Sylvania 7 - Rappahannock 0 |
BOTTOM OF THE 5TH |
Rappahannock Partisans batting - Pitching for Sylvania Maple Leaves : RHP Harold Taylor
|
Batting: RHB Matt Sheppard
|
0-0: Ball 1-0: Foul Ball, location: 2F 1-1: Ball 2-1: Foul Ball, location: 2F 2-2: Strikes out looking
|
Batting: RHB Mark Dayment
|
0-0: Called Strike 0-1: Swinging Strike 0-2: Ball 1-2: Strikes out looking
|
Batting: LHB Marvin von Seydlitz
|
0-0: Ball 1-0: Ball 2-0: Ball 3-0: Base on Balls
|
Batting: LHB Miguel Mendoza
|
0-0: Foul Ball, location: 2F 0-1: Ball 1-1: Fly out, F3 (Popup, 23)
|
Bottom of the 5th over - 0 run(s), 0 hit(s), 0 error(s), 1 left on base; Sylvania 7 - Rappahannock 0 |
TOP OF THE 6TH |
Sylvania Maple Leaves batting - Pitching for Rappahannock Partisans : RHP Gilberto Ibarra
|
Pitching: RHP Lindsay Turner
|
|
Batting: RHB José Valdéz
|
0-0: Ground out 4-3 (Groundball, 4)
|
Batting: RHB Harris Harden
|
0-0: Foul Ball, location: 2F 0-1: Foul Ball, location: 2F 0-2: Ball 1-2: Foul Ball, location: 2F 1-2: Ball 2-2: Strikes out swinging
|
Batting: RHB Bartolo García
|
0-0: Swinging Strike 0-1: Ball 1-1: Called Strike 1-2: Strikes out swinging
|
Top of the 6th over - 0 run(s), 0 hit(s), 0 error(s), 0 left on base; Sylvania 7 - Rappahannock 0 |
BOTTOM OF THE 6TH |
Rappahannock Partisans batting - Pitching for Sylvania Maple Leaves : RHP Harold Taylor
|
Batting: RHB Ángel Ruezga
|
0-0: SINGLE (Groundball, 15) (infield hit)
|
Batting: RHB Bill Taylor
|
0-0: Called Strike 0-1: Fly out, F8 (Flyball, 8RS)
|
Batting: LHB Alfonso López
|
0-0: SINGLE (Groundball, 4MD) Ángel Ruezga to second Runner from 2nd tries for 3rd, SAFE, throw made to third
|
Pinch Runner at 3rd Ricardo Pérez:
|
|
Batting: RHB Tom Baker
|
0-0: Foul Ball, location: 2F 0-1: Fielders Choice at 2nd, 1-6 (Groundball, 23)
|
Batting: RHB Colby Turner
|
0-0: Ball 1-0: Ball 2-0: SINGLE (Line Drive, 7S) Ricardo Pérez scores Tom Baker to second
|
Batting: RHB Matt Sheppard
|
0-0: Called Strike 0-1: Foul Ball, location: 2F 0-2: Ball 1-2: Ball 2-2: Foul Ball, location: 2F 2-2: Fly out, F8 (Flyball, 8LM)
|
Bottom of the 6th over - 1 run(s), 3 hit(s), 0 error(s), 2 left on base; Sylvania 7 - Rappahannock 1 |
BOTTOM OF THE 7TH |
Rappahannock Partisans batting - Pitching for Sylvania Maple Leaves : RHP Harold Taylor
|
Batting: RHB Mark Dayment
|
0-0: Ball 1-0: DOUBLE (Line Drive, 78S)
|
Batting: LHB Marvin von Seydlitz
|
0-0: Fly out, F1 (Line Drive, 13)
|
Batting: LHB Miguel Mendoza
|
0-0: SINGLE (Groundball, 5S) (infield hit) Mark Dayment to third
|
Batting: RHB Ricardo Pérez
|
0-0: Ball 1-0: Swinging Strike 1-1: Fly out, F7 (Flyball, 7M)
|
Batting: RHB Bill Taylor
|
0-0: Swinging Strike 0-1: SINGLE (Groundball, 5L) Mark Dayment scores Miguel Mendoza to second
|
Batting: LHB Alfonso López
|
0-0: Ball 1-0: Swinging Strike 1-1: Fly out, F8 (Flyball, 8LM)
|
Bottom of the 7th over - 1 run(s), 3 hit(s), 0 error(s), 2 left on base; Sylvania 8 - Rappahannock 2 |
TOP OF THE 8TH |
Sylvania Maple Leaves batting - Pitching for Rappahannock Partisans : LHP Wyatt Watson
|
Batting: RHB José Valdéz
|
0-0: Ball 1-0: Ball 2-0: Foul Ball, location: 2F 2-1: Ball 3-1: Ground out 5-3 (Groundball, 56)
|
Batting: RHB Harris Harden
|
0-0: Ball 1-0: Ball 2-0: Foul Ball, location: 2F 2-1: Swinging Strike 2-2: Ball 3-2: Strikes out swinging
|
Batting: RHB Bartolo García
|
0-0: Ball 1-0: Called Strike 1-1: Fly out, F8 (Flyball, 78M)
|
Top of the 8th over - 0 run(s), 0 hit(s), 0 error(s), 0 left on base; Sylvania 8 - Rappahannock 2 |
BOTTOM OF THE 8TH |
Rappahannock Partisans batting - Pitching for Sylvania Maple Leaves : RHP Harold Taylor
|
Batting: RHB Tom Baker
|
0-0: Ball 1-0: Foul Ball, location: 2F 1-1: SINGLE (Groundball, 56D)
|
Batting: RHB Colby Turner
|
0-0: Ball 1-0: Fly out, F9 (Flyball, 89M)
|
Batting: RHB Matt Sheppard
|
0-0: Called Strike 0-1: Grounds into double play, 4-6-3 (Groundball, 4)
|
Bottom of the 8th over - 0 run(s), 1 hit(s), 0 error(s), 0 left on base; Sylvania 8 - Rappahannock 2 |
TOP OF THE 9TH |
Sylvania Maple Leaves batting - Pitching for Rappahannock Partisans : LHP Wyatt Watson
|
Pitching: RHP Cam Davidson
|
|
Batting: RHB Bernardo Márquez
|
0-0: Called Strike 0-1: Ball 1-1: Ball 2-1: Foul Ball, location: 2F 2-2: Ball 3-2: Fly out, F8 (Flyball, 8RM)
|
Batting: RHB Yao-qing Ya
|
0-0: Called Strike 0-1: Ball 1-1: Ball 2-1: Called Strike 2-2: Strikes out swinging
|
Batting: LHB Chris Randolph
|
0-0: Foul Ball, location: 2F 0-1: Foul Ball, location: 2F 0-2: Strikes out swinging
|
Top of the 9th over - 0 run(s), 0 hit(s), 0 error(s), 0 left on base; Sylvania 8 - Rappahannock 2 |
BOTTOM OF THE 9TH |
Rappahannock Partisans batting - Pitching for Sylvania Maple Leaves : RHP Harold Taylor
|
Batting: RHB Mark Dayment
|
0-0: Called Strike 0-1: Ball 1-1: Ball 2-1: Foul Ball, location: 2F 2-2: SINGLE (Line Drive, 6MD)
|
Batting: LHB Marvin von Seydlitz
|
0-0: Reached on error, E5 (Groundball, 15S) Mark Dayment to second
|
Batting: LHB Miguel Mendoza
|
0-0: Ball 1-0: Grounds into double play, 6-4-3 (Groundball, 6) Mark Dayment to third
|
Batting: RHB Ricardo Pérez
|
0-0: Called Strike 0-1: Ball 1-1: Ball 2-1: Ball 3-1: Base on Balls
|
Batting: RHB Bill Taylor
|
0-0: Ball 1-0: Foul Ball, location: 2F 1-1: Ball 2-1: Called Strike 2-2: Ball 3-2: Foul Ball, location: 2F 3-2: Base on Balls Ricardo Pérez to second
|
Batting: LHB Alfonso López
|
0-0: Swinging Strike 0-1: Ball 1-1: Ball 2-1: Ball 3-1: SINGLE (Groundball, 34S) (infield hit) Mark Dayment scores Ricardo Pérez to third Bill Taylor to second
|
Pitching: RHP Kenny DeBenham
|
|
Batting: RHB Tom Baker
|
0-0: Called Strike 0-1: Ball 1-1: Fly out, F7 (Flyball, 7M)
|
Bottom of the 9th over - 1 run(s), 2 hit(s), 1 error(s), 3 left on base; Sylvania 8 - Rappahannock 3 |
|